 Dungeon Crawl Stone Soup version 0.20.1-1-g8b1a95d (webtiles) character file.

2562 equalderp2856 the Cleaver (level 9, -17/77 HPs)
             Began as a Minotaur Fighter on Aug 4, 2017.
             Demolished by Psyche
             ... wielding a +2 dagger of chaos
              (18 damage)
             ... on level 8 of the Dungeon.
             The game lasted 00:18:33 (7658 turns).

equalderp2856 the Cleaver (Minotaur Fighter)        Turns: 7658, Time: 00:18:34

Health: -17/77     AC: 14    Str: 20    XL:     9   Next: 31%
Magic:  8/8        EV:  5    Int:  6    God:
Gold:   317        SH: 10    Dex: 13    Spells: 8/8 levels left

rFire    . . .     SeeInvis .   a - +0 war axe
rCold    . . .     Gourm    .   c - +0 shield
rNeg     . . .     Faith    .   q - +0 plate armour
rPois    .         Spirit   .   (helmet restricted)
rElec    .         Reflect  .   (no cloak)
rCorr    .         Harm     .   (no gloves)
MR       +....     Rnd*Tele +   J - +0 pair of boots
Stlth    ..........             (no amulet)
Regen    0.3/turn               t - ring of loudness (curse)
MPRegen  0.2/turn               H - ring of stealth

@: lethally poisoned (-17 -> -23), very slightly contaminated, drained,
invisible (expiring)
A: retaliatory headbutt, horns 2, magic resistance 1, teleportitis 1, wild magic
1, no potion heal 1
a: no special abilities


You were on level 8 of the Dungeon.
You were hungry.

You visited 1 branch of the dungeon, and saw 8 of its levels.

You collected 317 gold pieces.

Inventory:

Hand Weapons
 a - a +0 war axe (weapon)
 b - a +4 hand axe
 n - a +3 spear
 T - a +3 short sword of electrocution
Armour
 c - a +0 shield (worn)
 q - a +0 plate armour (worn)
 J - a +0 pair of boots (worn)
 V - a +1 robe of fire resistance
Jewellery
 t - a cursed ring of loudness (left hand)
 C - an uncursed amulet of harm
 E - an uncursed ring of resist corrosion
 H - a ring of stealth (right hand)
Wands
 d - a wand of flame (26/48)
 I - a wand of confusion (21/48)
 R - a wand of digging (11/24)
 S - a wand of polymorph (15/24)
 X - a wand of iceblast (3/15)
Scrolls
 i - 5 scrolls of teleportation
 m - a scroll of fog {unknown}
 r - 4 scrolls of remove curse {unknown}
 s - 5 scrolls of identify
 v - 5 scrolls of magic mapping {unknown}
 y - 2 scrolls of noise {unknown}
 D - 2 scrolls of fear {unknown}
 K - a scroll of blinking {unknown}
 Y - a scroll of amnesia {unknown}
 Z - a scroll of enchant weapon {unknown}
Potions
 e - 2 potions of haste {unknown}
 g - 2 potions of lignification {unknown}
 j - a potion of resistance {unknown}
 k - 4 potions of curing {unknown}
 x - 2 potions of flight {unknown}
 z - a potion of ambrosia {unknown}
 A - 4 potions of mutation
 F - 3 potions of degeneration {unknown}
 N - a potion of brilliance {unknown}
Comestibles
 f - 6 bread rations
 h - 2 meat rations
 l - 3 royal jellies


   Skills:
 + Level 6.3(5.8) Fighting
 + Level 10.0(9.5) Axes
 + Level 7.8(7.3) Armour
 + Level 3.1(2.6) Dodging
 + Level 1.2(0.8) Stealth
 + Level 7.2(6.7) Shields
 + Level 0.3(0.0) Evocations


You had 8 spell levels left.
You didn't know any spells.

Dungeon Overview and Level Annotations

Branches:
Dungeon (8/15)             Temple (0/1) D:6
   Lair: D:8-11

Altars:
Ashenzari
Kikubaaqudgha
Makhleb
Okawaru
Qazlal

Shops:
D:5 *

Annotations:
D:6 ThePrince's ghost, novice MiFi
D:8 Psyche


Innate Abilities, Weirdness & Mutations

You reflexively headbutt those who attack you in melee.
You have a pair of horns on your head.
You are resistant to hostile enchantments. (MR+)
You are occasionally teleported next to monsters.
Your spells are a little harder to cast, but a little more powerful.
Potions are less effective at restoring your health.


Message History

The puff of frost misses you.
Unknown command.
You feel sick. Psyche hits you but does no damage. x2
You are more poisoned.
The two-headed ogre hits you with a giant club!
* * * LOW HITPOINT WARNING * * *
You block the two-headed ogre's attack.
Unknown command.
You flicker for a moment.
Psyche hits you but does no damage. You block Psyche's attack.
Unknown command.
* * * LOW HITPOINT WARNING * * *
You feel sick. Psyche hits you but does no damage.
You fade further into invisibility.
You block the two-headed ogre's attack. The two-headed ogre barely misses you.
Psyche laughs secretively.
Psyche hits you with a dagger of chaos.
* * * LOW HITPOINT WARNING * * *
You are electrocuted!
You die...

#####..
#......
#......
#...... #
#...≈.. .#
#..≈... ..+
#.....@##...#
......O@....#
.........####
.........#
.........#
.........#
.........#
.........#
.........#


You could see a two-headed ogre and Psyche.

Vanquished Creatures
  Grinder (D:5)
  2 hungry ghosts
  Duvessa (D:4)
  A black bear (D:5)
  An ice beast (D:7)
  An orc warrior (D:6)
  A phantom (D:4)
  A necrophage (D:6)
  2 ogres (D:4)
  Blork the orc (D:4)
  4 bullfrogs
  Dowan (D:4)
  A scorpion (D:7)
  3 wights (D:7)
  2 crimson imps (D:6)
  A centaur skeleton (D:3)
  5 hounds
  A jelly (D:6)
  2 bullfrog skeletons
  3 iguanas
  Natasha (thrice) (D:2)
  An orc wizard (D:3)
  3 worker ants
  2 worker ant zombies
  Robin (D:4)
  5 adders
  2 shadow imps
  3 oozes
  4 worms
  9 dart slugs (D:3)
  4 leopard geckos
  19 orcs
  2 ball pythons (D:2)
  11 bats
  4 giant cockroaches
  23 goblins
  5 hobgoblins
  4 quokkas
  3 frilled lizards
  9 kobolds
  2 quokka skeletons
  3 rats
157 creatures vanquished.

Notes
Turn   | Place    | Note
-------+----------+-------------------------------------------
     0 | D:1      | equalderp2856 the Minotaur Fighter began the quest for the Orb.
     0 | D:1      | Reached XP level 1. HP: 19/19 MP: 0/0
   121 | D:1      | Reached XP level 2. HP: 27/27 MP: 1/1
   672 | D:2      | Found a faded altar of an unknown god.
   784 | D:2      | Reached XP level 3. HP: 28/33 MP: 2/2
   853 | D:2      | Noticed Natasha
   858 | D:2      | Killed Natasha
   858 | D:2      | Reached skill level 3 in Axes
   858 | D:2      | Reached skill level 1 in Dodging
  1054 | D:2      | Noticed Natasha
  1269 | D:2      | Killed Natasha
  1269 | D:2      | Reached XP level 4. HP: 32/40 MP: 3/3
  1318 | D:2      | Noticed Natasha
  1329 | D:2      | Killed Natasha
  2102 | D:3      | Reached XP level 5. HP: 46/46 MP: 4/4
  2166 | D:3      | Reached skill level 4 in Axes
  2246 | D:3      | Reached skill level 5 in Shields
  2769 | D:3      | Reached XP level 6. HP: 40/53 MP: 5/5
  3155 | D:4      | Noticed Blork the orc
  3168 | D:4      | Killed Blork the orc
  3168 | D:4      | Reached skill level 5 in Axes
  3298 | D:4      | Reached skill level 5 in Armour
  3420 | D:4      | Found a shattered altar of Ashenzari.
  3427 | D:4      | Noticed Robin
  3432 | D:4      | Reached XP level 7. HP: 52/60 MP: 6/6
  3443 | D:4      | Killed Robin
  3539 | D:4      | Reached skill level 6 in Axes
  3939 | D:4      | Found a stormy altar of Qazlal.
  4041 | D:5      | Entered Level 5 of the Dungeon
  4041 | D:5      | Found an ancient bone altar of Kikubaaqudgha.
  4097 | D:5      | Noticed Duvessa
  4098 | D:5      | Noticed Dowan
  4099 | D:5      | Noticed Grinder
  4128 | D:4      | Killed Duvessa
  4128 | D:4      | Reached skill level 5 in Fighting
  4130 | D:4      | Killed Dowan
  4429 | D:5      | Killed Grinder
  4429 | D:5      | Reached skill level 7 in Axes
  4429 | D:5      | Reached XP level 8. HP: 53/68 MP: 7/7
  4613 | D:5      | Found Tiang's General Store.
  5060 | D:6      | Noticed ThePrince's ghost (novice MiFi)
  5161 | D:5      | Reached skill level 8 in Axes
  5322 | D:6      | Found a staircase to the Ecumenical Temple.
  5436 | D:6      | Found a burning altar of Makhleb.
  5457 | D:6      | Reached skill level 1 in Stealth
  5617 | D:6      | Reached skill level 9 in Axes
  6764 | D:7      | Reached XP level 9. HP: 71/75 MP: 8/8
  7171 | D:7      | Found an iron altar of Okawaru.
  7208 | D:7      | Reached skill level 10 in Axes
  7633 | D:8      | Noticed Psyche
  7634 | D:8      | Gained mutation: You are occasionally teleported next to monsters. [potion of mutation]
  7634 | D:8      | Gained mutation: Potions are less effective at restoring your health. [potion of mutation]
  7634 | D:8      | Gained mutation: Your spells are a little harder to cast, but a little more powerful. [potion of mutation]
  7634 | D:8      | Gained mutation: You are resistant to hostile enchantments. (MR+) [potion of mutation]
  7635 | D:8      | Noticed a two-headed ogre
  7656 | D:8      | HP: 2/77 [two-headed ogre/giant club (11)]
  7658 | D:8      | Demolished by Psyche

Skill      XL: |  1  2  3  4  5  6  7  8  9 |
---------------+----------------------------+-----
Shields        | 4 5 6 7 |  7.2
Fighting       | 4 5 6 |  6.3
Axes           | 3 4 5 7 9 10 | 10.0
Dodging        | 1 2 3 |  3.1
Armour         | 4 5 6 7 |  7.8
Stealth        | 1 |  1.2
Evocations     | |  0.3

Action                   |  1- 3 |  4- 6 |  7- 9 || total
-------------------------+-------+-------+-------++-------
Melee: War axe           |    91 |   142 |   245 ||   478
       Headbutt          |    13 |    28 |    55 ||    96
Evoke: Wand              |       |     2 |     1 ||     3
  Use: Scroll            |       |     1 |     1 ||     2
       Potion            |       |     1 |     1 ||     2
 Stab: Confused          |       |       |     1 ||     1
  Eat: Chunk             |       |     8 |    12 ||    20
       Fruit             |       |       |     3 ||     3
       Royal jelly       |       |       |     1 ||     1
Armor: Scale mail        |    57 |    61 |    17 ||   135
       Chain mail        |       |       |    39 ||    39
       Plate armour      |       |       |    57 ||    57
Dodge: Dodged            |    38 |    44 |    73 ||   155
Block: Shield            |    63 |    78 |   140 ||   281
